AoeStats
← Chitreano

Coastal Forest

510454462Analyzed
4v4 RM · 15h ago on Oct 1, 2026· 34m 26s· 8 players
Game mode
Random Map
Map size
Large (8 player)
Population
200
Speed
Normal
Resources
Standard
Victory
Conquest
Starting age
Dark Age
Ending age
Imperial Age
RankedLock teamsTeams togetherTeam positionsShared explorationLock speedFull tech treeHidden civsTurbo modeCheats
Victory
Defeat
🇨🇦 Burgundians · Canada
1238
+18
🇵🇦 Maya · Panama
1220
+19
🇵🇦 Ethiopians · Panama
1214
+19
🇵🇦 Magyars · Panama
1199
+19
🇧🇴 Italians · Bolivia
1315
-20
1303
-20
🇺🇸 Byzantines · United States
1256
-18
🇦🇷 Bulgarians · Argentina
1236
-17
nlovett94
7:16 Loom
9:48 Feudal Age
10:18 Double-Bit Axe
10:22 Horse Collar
15:27 Scale Barding Armor
21:41 Castle Age
20:14 Gold Mining
20:16 Stone Mining
22:09 Forging
23:26 Bow Saw
24:18 Wheelbarrow
26:06 Heavy Plow
28:52 Hand Cart
30:12 Fletching
30:29 Husbandry
31:59 Chain Barding Armor
32:16 Iron Casting
InnerFire
11:51 Feudal Age
15:10 Loom
15:13 Horse Collar
20:18 Wheelbarrow
22:30 Double-Bit Axe
24:11 Fletching
28:07 Castle Age
27:12 Stone Mining
27:12 Gold Mining
29:12 Hand Cart
28:58 Bodkin Arrow
慢工出烂活 欲速则一坨
3:31 Loom
9:12 Loom
11:10 Feudal Age
15:07 Castle Age
13:17 Double-Bit Axe
13:24 Stone Mining
15:58 Bow Saw
17:19 Scale Barding Armor
18:47 Forging
20:06 Chain Barding Armor
23:07 Iron Casting
23:11 Bloodlines
23:27 Husbandry
24:20 Wheelbarrow
27:50 Hand Cart
31:43 Imperial Age
29:07 Horse Collar
29:17 Gold Mining
30:56 Heavy Plow
32:01 Fletching
33:02 Plate Barding Armor
33:27 Blast Furnace
GG LA LIFE KARIN
12:16 Feudal Age
12:41 Loom
13:53 Double-Bit Axe
14:36 Gold Mining
17:12 Castle Age
15:09 Fishing Lines
18:18 Bow Saw
18:25 Medium Warships
18:06 Gillnets
21:13 Wheelbarrow
24:03 Hand Cart
26:22 Town Watch
27:06 Horse Collar
28:24 Scale Mail Armor
28:34 Forging
29:24 Chain Mail Armor
31:44 Imperial Age
30:06 Iron Casting
32:39 Coinage
33:07 Plate Mail Armor
33:37 Blast Furnace
33:32 Conscription
33:18 Squires
33:04 Arson
TrueDisplay
6:09 Loom
8:52 Feudal Age
18:17 Wheelbarrow
20:52 Castle Age
18:52 Double-Bit Axe
18:50 Horse Collar
19:02 Gold Mining
19:44 Scale Barding Armor
20:51 Forging
21:12 Cavalier
21:54 Husbandry
24:56 Chain Barding Armor
29:18 Iron Casting
31:46 Bow Saw
31:36 Heavy Plow
32:14 Gold Shaft Mining
OnlyFarms
0:38 Loom
10:56 Feudal Age
12:45 Double-Bit Axe
16:20 Fletching
24:59 Castle Age
25:42 Elite Skirmisher
27:06 Bodkin Arrow
32:19 Hul'che Javelineers
34:10 Ballistics
hlezcano91
7:12 Loom
9:43 Feudal Age
10:35 Double-Bit Axe
15:14 Fletching
15:57 Padded Archer Armor
21:40 Wheelbarrow
20:49 Horse Collar
25:19 Castle Age
24:34 Gold Mining
25:28 Crossbowman
26:04 Bodkin Arrow
26:25 Leather Archer Armor
26:19 Thumb Ring
28:21 Town Watch
29:55 Hand Cart
34:41 Ballistics
Chitreano
7:19 Loom
13:09 Feudal Age
17:19 Castle Age
16:13 Horse Collar
16:21 Double-Bit Axe
18:25 Gold Mining
20:10 Husbandry
22:42 Scale Barding Armor
24:05 Arson
25:12 Bloodlines
32:42 Wheelbarrow
31:55 Town Watch
Connection lost

Rejoining the realm…

Still unreachable

The connection could not be restored.

Session expired

The server has moved on; the page needs a fresh start.